Map: Year Zero LE

Players

Special

  • Race: Terran Terran
  • League: Master
  • Spawn Location: 1:00

Serral - Winner!

  • Race: Zerg Zerg
  • Spawn Location: 11:00

Event: 2019 WCS Spring

VOD

Have the link to the VOD?

Description

Time

  • Played on: May 19, 2019, 1:20 p.m.
  • Length: 21:53

All games in this series

Show
View Real Time Build Order
Export as new Build Order

Special Terran 

Build Orders: 3 CC, Reaper Expand, Battlecruisers 

Get SALT Encoding   

  12  0:00  SCV  
  13  0:13  SCV  
  14  0:18  Supply Depot  
  14  0:25  SCV  
  15  0:40  SCV  
  15  0:41  Barracks  
  16  0:46  Refinery  
  16  0:52  SCV  
  17  1:04  SCV  
  18  1:16  SCV  
  19  1:28  Reaper  
  19  1:29  Orbital Command  
  20  1:41  Command Center  
  20  1:51  Supply Depot  
  20  1:54  SCV  
  20  2:00  Marine  
  22  2:06  Factory  
  22  2:09  SCV  
  23  2:21  SCV  
  24  2:24  Barracks Reactor  
  24  2:33  SCV  
  25  2:40  Command Center  
  25  2:46  SCV  
  25  2:49  Refinery  
  26  2:54  Orbital Command  
  26  2:58  SCV  
  26  3:05  Starport  
  27  3:10  SCV  
  27  3:12  Marine x2  
  30  3:23  SCV  
  30  3:24  SCV  
  32  3:30  Marine x2  
  34  3:35  SCV  
  34  3:36  SCV  
  36  3:43  Starport Tech Lab  
  36  3:45  Fusion Core  
  36  3:47  SCV  
  37  3:48  SCV  
  37  3:53  Orbital Command  
  38  3:59  SCV  
  38  4:00  Hellion x2  
  38  4:02  SCV  
  44  4:11  Refinery x2, SCV  
  44  4:14  SCV  
  46  4:22  Hellion x2  
  46  4:23  SCV  
  51  4:25  SCV  
  51  4:26  SCV  
  53  4:31  Supply Depot  
  53  4:38  Battlecruiser  
  59  4:42  SCV  
  59  4:43  SCV  
  61  4:49  Supply Depot  
  61  4:51  Weapon Refit  
  61  4:53  SCV  
  61  4:56  Hellion  
  61  4:58  Hellion  
  61  4:59  SCV  
  67  5:00  SCV  
  67  5:05  SCV  
  69  5:08  Supply Depot  
  69  5:12  SCV  
  69  5:13  SCV  
  71  5:16  Supply Depot  
  71  5:17  SCV  
  75  5:21  Hellion x2  
  75  5:24  SCV  
  75  5:25  SCV  
  77  5:32  Supply Depot  
  77  5:36  SCV  
  77  5:37  SCV  
  77  5:38  Orbital Command, Supply Depot  
  79  5:45  Hellion x2  
  79  5:48  SCV  
  84  5:53  Battlecruiser  
  84  5:54  SCV  
  91  6:00  SCV  
  91  6:03  Barracks Tech Lab  
  92  6:05  Factory  
  92  6:06  Factory, SCV  
  92  6:07  SCV  
  94  6:13  SCV  
  95  6:18  SCV  
  95  6:19  SCV  
  95  6:25  SCV, Supply Depot  
  98  6:27  Hellion x2  
  98  6:30  Refinery  
  98  6:31  Refinery, SCV x2  
  104  6:37  SCV  
  104  6:38  Barracks Tech Lab  
  105  6:43  SCV x2  
  107  6:49  SCV  
  107  6:50  Hellion x2, Supply Depot  
  112  6:55  SCV x2  
  112  7:01  SCV  
  115  7:07  SCV  
  115  7:08  SCV, Supply Depot  
  117  7:09  Cyclone x2, Supply Depot x2  
  117  7:11  Battlecruiser  
  117  7:15  Hellion x2, Infernal Pre-Igniter  
  133  7:29  SCV x3  
  136  7:35  Factory  
  136  7:36  Factory, Armory x2  
  136  7:42  Engineering Bay, Supply Depot  
  136  7:43  Hellion x2, Cyclone, Supply Depot  
  143  7:47  Command Center  
  143  7:48  Cyclone  
  146  7:57  Supply Depot x2  
  144  8:12  Hellion x2  
  146  8:16  Siege Tank  
  149  8:20  Siege Tank  
  149  8:24  Supply Depot, Terran Vehicle And Ship Armor Level 1, Terran Ship Weapons Level 1  
  149  8:26  Battlecruiser  
  158  8:28  Factory Reactor, Factory Tech Lab  
  153  8:39  SCV x3  
  153  8:40  Refinery  
  156  8:42  Refinery  
  156  8:50  Hellion x2  
  156  8:51  Siege Tank x2, SCV  
  156  8:52  Siege Tank  
  164  9:10  Hellion x2  
  164  9:11  Hellion  
  164  9:23  Starport  
  161  9:24  Orbital Command  
  161  9:25  Starport  
  161  9:31  Battlecruiser  
  167  9:35  Hellion x4, Cyclone x2  
  167  9:37  Command Center  
  175  9:58  Command Center  
  178  10:00  Siege Tank, Hellion  
  178  10:01  Hellion  
  150  10:07  Siege Tank, Hellion  
  150  10:14  Starport Tech Lab x2  
  151  10:23  Command Center  
  151  10:25  Hellion x3  
  157  10:28  Cyclone  
  157  10:33  Battlecruiser  
  157  10:35  Battlecruiser  
  172  10:40  Battlecruiser  
  172  10:41  Terran Ship Weapons Level 2  
  176  10:52  Planetary Fortress  
  176  10:54  Missile Turret  
  176  10:55  Supply Depot  
  176  11:04  Hellion x2  
  179  11:15  Hellion x2  
  168  11:35  Liberator  
  168  11:37  Battlecruiser  
  168  11:39  Hellion, Battlecruiser  
  165  11:40  Hellion x4, Cyclone x2  
  165  11:42  Orbital Command  
  173  11:48  Refinery  
  173  11:51  Refinery  
  176  12:00  Orbital Command  
  176  12:01  Hellion x2, Cyclone  
  171  12:03  SCV x2  
  171  12:07  Terran Vehicle And Ship Armor Level 2  
  176  12:10  Sensor Tower  
  176  12:18  Barracks  
  176  12:25  Sensor Tower  
  165  12:32  Hellion  
  165  12:33  Hellion x2  
  165  12:35  Liberator  
  165  12:36  Battlecruiser  
  175  12:43  SCV x2  
  177  12:45  Missile Turret  
  177  12:47  Battlecruiser  
  181  13:00  Siege Tank, Hellion  
  181  13:03  Missile Turret  
  181  13:04  Hellion  
  184  13:17  Command Center  
  188  13:20  Hellion x2  
  171  13:36  Battlecruiser  
  171  13:37  Hellion x3  
  171  13:38  Cyclone x2  
  171  13:40  Battlecruiser  
  195  13:48  Command Center  
  195  13:51  Terran Ship Weapons Level 3  
  183  14:14  Hellion x2  
  183  14:15  Battlecruiser  
  170  14:31  Hellion x2, Cyclone  
  171  14:40  Battlecruiser  
  174  14:47  Battlecruiser  
  174  14:50  SCV x4  
  171  15:04  Hellion x4  
  174  15:08  Cyclone  
  177  15:17  Barracks  
  177  15:21  Hellion x2  
  181  15:30  Battlecruiser  
  179  15:36  Hellion x2  
  179  15:40  Cyclone  
  179  15:41  Hellion  
  179  15:42  Siege Tank x2  
  180  15:55  Liberator, SCV x4  
  174  15:59  Hellion x3  
  180  16:04  Hellion  
  180  16:07  SCV  
  178  16:12  Cyclone  
  178  16:13  Battlecruiser  
  178  16:14  Cyclone  
  178  16:17  Hellion  
  195  16:21  Hellion x2  
  195  16:22  Terran Vehicle And Ship Armor Level 3  
  191  16:46  Hellion x2, Cyclone  
  198  16:50  Planetary Fortress  
  192  16:56  Hellion x2, Cyclone  
  192  16:57  Hellion  
  188  17:01  Sensor Tower  
  188  17:05  Battlecruiser x2  
  199  17:08  SCV x3  
  199  17:22  Terran Vehicle Weapons Level 1  
  199  17:33  Command Center  
  191  17:47  Battlecruiser  
  191  17:51  Hellion  
  182  18:09  Hellion x2, Battlecruiser x2, Cyclone  
  196  18:21  Missile Turret  
  196  18:27  Planetary Fortress  
  196  18:28  Missile Turret  
  196  18:34  Hellion x2  
  198  18:49  Refinery  
  198  18:52  Orbital Command  
  198  18:53  Command Center  
  196  19:03  Sensor Tower  
  196  19:06  Missile Turret  
  149  19:19  Battlecruiser  
  128  19:25  Hellion x2, Cyclone x2  
  126  19:38  Orbital Command  
  126  19:47  Hellion  
  126  19:48  Hellion, Cyclone  
  126  19:52  Hellion x2  
  137  19:58  SCV x2  
  133  20:18  Battlecruiser  
  139  20:27  Battlecruiser  
  145  20:31  Hellion  
  145  20:33  Cyclone  
  150  20:37  Cyclone x2  
  156  20:45  Battlecruiser  
  162  20:50  SCV  
  162  20:56  Orbital Command  
  161  21:03  Hellion x3  
  163  21:05  Hellion, Cyclone  
  163  21:09  Cyclone  
  170  21:16  SCV x3  
  171  21:20  SCV x2  
  171  21:21  SCV  
  171  21:22  SCV  
  179  21:28  SCV  
  179  21:29  Hellion x4  
  179  21:30  Hellion  
Show
View Real Time Build Order
Export as new Build Order

Serral Zerg - Winner!

Build Orders: Hatch First, Swarm Host 

Get SALT Encoding   

  12  0:00  Drone  
  13  0:12  Overlord  
  13  0:18  Drone  
  14  0:31  Drone x2  
  16  0:50  Hatchery  
  16  0:53  Drone  
  16  0:56  Drone  
  17  0:59  Drone  
  18  1:10  Extractor  
  17  1:15  Spawning Pool  
  16  1:18  Drone  
  16  1:21  Drone  
  18  1:28  Drone  
  19  1:39  Drone  
  20  1:49  Overlord  
  20  2:01  Queen  
  20  2:02  Queen, Zergling x2  
  20  2:03  Zergling x2  
  26  2:12  Drone  
  26  2:13  Drone, Metabolic Boost  
  28  2:23  Drone  
  28  2:24  Drone  
  30  2:37  Hatchery  
  30  2:40  Drone  
  30  2:43  Drone  
  31  2:49  Queen  
  33  2:54  Overlord  
  33  2:56  Drone  
  34  3:00  Drone  
  34  3:02  Drone  
  36  3:13  Drone x2  
  36  3:14  Overlord  
  36  3:15  Drone x2  
  36  3:18  Drone x2  
  42  3:28  Queen  
  42  3:34  Overlord  
  44  3:36  Drone  
  45  3:43  Zergling x4  
  47  3:49  Drone x3  
  47  3:50  Queen  
  47  3:54  Zergling x2  
  47  3:55  Drone x2  
  55  4:04  Drone  
  55  4:05  Queen, Evolution Chamber  
  55  4:06  Overlord  
  57  4:10  Overlord  
  57  4:11  Zergling x2  
  57  4:12  Drone x2  
  60  4:17  Overlord  
  60  4:22  Zergling x2  
  60  4:23  Drone x4  
  65  4:29  Queen  
  67  4:32  Zerg Ground Armor Level 1  
  67  4:33  Drone  
  70  4:38  Drone x2  
  70  4:39  Drone  
  70  4:41  Zergling x2  
  70  4:42  Zergling x2  
  70  4:44  Baneling Nest  
  71  4:49  Zergling x4  
  73  4:54  Lair  
  73  4:57  Extractor  
  73  4:58  Extractor  
  71  5:00  Zergling x2  
  71  5:01  Drone  
  71  5:02  Drone x5  
  71  5:04  Overlord  
  71  5:05  Drone  
  80  5:09  Drone  
  80  5:12  Evolution Chamber  
  80  5:13  Drone x2  
  82  5:16  Drone x3  
  82  5:18  Drone x3  
  87  5:22  Extractor  
  87  5:23  Extractor  
  87  5:25  Spore Crawler  
  87  5:26  Spore Crawler x2  
  87  5:27  Drone x2  
  84  5:31  Queen  
  86  5:39  Extractor, Zergling x6  
  85  5:43  Drone x4  
  89  5:54  Queen  
  91  5:58  Infestation Pit, Zerg Melee Weapons Level 1  
  91  6:01  Baneling x4  
  91  6:02  Drone x6  
  95  6:09  Zergling x4  
  95  6:13  Queen  
  95  6:14  Overlord  
  95  6:16  Overlord  
  95  6:17  Drone  
  97  6:19  Drone  
  97  6:22  Overlord, Overseer  
  98  6:27  Zerg Missile Weapons Level 1  
  98  6:35  Neural Parasite  
  98  6:36  Roach Warren  
  97  6:40  Hatchery  
  97  6:46  Infestor x2  
  100  6:54  Spore Crawler  
  100  6:55  Drone  
  100  6:58  Drone x2  
  100  6:59  Centrifical Hooks, Spore Crawler  
  101  7:03  Drone  
  102  7:09  Overlord  
  102  7:13  Spore Crawler  
  102  7:15  Overlord  
  101  7:17  Glial Reconstitution  
  107  7:22  Roach  
  107  7:23  Roach x9  
  107  7:24  Baneling  
  115  7:33  Drone x2  
  115  7:34  Drone x2  
  115  7:35  Drone x2  
  121  7:39  Drone x7  
  128  7:47  Infestor  
  128  7:50  Overlord  
  128  7:51  Overlord  
  128  8:02  Extractor, Drone x4  
  128  8:03  Extractor, Drone x2  
  132  8:07  Zerg Melee Weapons Level 2, Overlord x3  
  132  8:16  Roach  
  132  8:17  Roach x2  
  138  8:20  Roach x2  
  138  8:21  Ravager, Roach x2  
  138  8:22  Ravager x3  
  138  8:26  Drone  
  151  8:28  Zergling x16  
  151  8:29  Zerg Missile Weapons Level 2  
  157  8:35  Burrow  
  157  8:39  Ravager  
  157  8:40  Ravager x3  
  161  8:42  Overlord  
  160  8:49  Zergling x10  
  160  9:16  Zergling x22  
  168  9:22  Zergling x16  
  168  9:23  Roach x2  
  168  9:24  Roach x2  
  180  9:28  Hive, Overlord x2  
  180  9:30  Hatchery  
  179  9:37  Overlord  
  178  9:45  Spine Crawler  
  178  9:47  Spine Crawler  
  178  9:48  Spine Crawler  
  178  9:49  Swarm Host, Baneling x4  
  178  9:50  Swarm Host x7, Baneling  
  178  9:51  Overseer  
  197  9:54  Nydus Network, Baneling x6  
  197  9:55  Baneling x2  
  197  9:56  Ravager  
  196  10:04  Swarm Host x3  
  197  10:07  Drone  
  197  10:08  Drone  
  199  10:23  Spine Crawler  
  199  10:24  Spine Crawler  
  192  10:43  Nydus Canal  
  192  10:47  Zerg Missile Weapons Level 3, Zerg Melee Weapons Level 3  
  192  10:48  Spire x2  
  190  10:54  Nydus Canal  
  186  10:58  Infestor x3  
  186  11:00  Roach x4  
  186  11:03  Spore Crawler  
  198  11:06  Spine Crawler  
  195  11:23  Nydus Canal  
  182  11:38  Infestor x3  
  182  11:50  Drone x6  
  182  11:51  Drone x3  
  191  11:59  Pathogen Glands  
  191  12:00  Zerg Flyer Weapons Level 1, Zerg Flyer Armor Level 1  
  191  12:01  Roach x6  
  191  12:04  Drone x2  
  191  12:05  Drone x2  
  195  12:09  Nydus Canal  
  195  12:11  Corruptor  
  195  12:12  Corruptor  
  195  12:14  Extractor  
  198  12:15  Extractor, Spore Crawler  
  198  12:16  Spine Crawler x2  
  198  12:17  Spore Crawler  
  193  12:23  Nydus Canal  
  193  12:24  Corruptor x3  
  199  12:45  Nydus Canal  
  199  12:53  Corruptor  
  199  13:02  Corruptor  
  200  13:11  Overlord  
  200  13:23  Zerg Ground Armor Level 2  
  199  13:27  Corruptor, Spore Crawler  
  199  13:28  Spore Crawler x3  
  199  13:29  Spore Crawler x3  
  182  13:36  Corruptor x10  
  199  13:52  Hatchery  
  190  14:12  Corruptor x2  
  188  14:19  Infestor x5  
  188  14:21  Zergling x14  
  199  14:28  Zergling x16  
  199  14:34  Drone x5  
  191  14:41  Zergling x16, Roach x2  
  191  14:42  Zergling x4  
  191  14:45  Zerg Flyer Weapons Level 2  
  199  14:46  Greater Spire  
  199  14:50  Baneling x8  
  199  14:57  Drone x2  
  191  15:01  Zergling x18  
  199  15:07  Nydus Canal  
  199  15:10  Baneling x8  
  199  15:11  Baneling x9  
  199  15:20  Baneling x6  
  199  15:28  Zergling x22, Roach x2  
  172  15:53  Infestor x5  
  172  15:55  Infestor x2  
  169  15:59  Corruptor x7  
  179  16:10  Drone x4  
  179  16:11  Drone  
  182  16:25  Corruptor x3  
  181  16:27  Zergling x8  
  189  16:40  Infestor x3  
  189  16:44  Zergling x6, Ravager  
  197  16:51  Zergling x10  
  188  17:09  Zergling x26  
  198  17:26  Zergling x2  
  198  17:27  Zergling x2  
  192  17:40  Roach x4  
  193  17:57  Zerg Flyer Weapons Level 3, Zerg Flyer Armor Level 2  
  193  17:58  Lair  
  184  18:00  Roach x5  
  184  18:04  Corruptor x8  
  192  18:09  Infestor x2  
  190  18:16  Extractor  
  190  18:17  Drone x2  
  190  18:18  Infestor x2  
  194  18:24  Ravager x2  
  194  18:25  Ravager x4, Spawning Pool  
  198  18:44  Zerg Ground Armor Level 3  
  187  19:04  Roach x3  
  185  19:15  Zergling x14, Roach x3  
  177  19:17  Swarm Host  
  177  19:23  Roach  
  177  19:24  Zergling x14, Roach x2  
  179  19:29  Zergling x8, Roach x3  
  179  19:36  Infestor  
  179  19:37  Infestor x3  
  183  19:40  Roach  
  183  19:41  Roach  
  185  19:56  Hatchery  
  180  20:08  Corruptor x6  
  180  20:11  Zergling x16  
  195  20:19  Corruptor  
  195  20:20  Corruptor x2  
  196  21:01  Zergling x16  
  193  21:19  Extractor x2, Drone x4  
  193  21:20  Drone x3  
  193  21:22  Spore Crawler  
  193  21:23  Extractor x2, Spine Crawler  
  193  21:24  Drone x3  
  197  21:27  Spine Crawler, Zergling x6  
Tags
 
Add a new tag
Caveats
  • Supply blocks, unpowered buildings, or Contaminate may cause inaccurate times.
  • Supply counts are checked every 10 seconds.